 Dungeon Crawl Stone Soup version 0.31.0-4-g52a2dc7128 (webtiles) character file.

Game seed: 8796705660129793168

1736675 Jase the Impregnable (level 23, 227/229 HPs)
             Began as a Minotaur Fighter on Jan 19, 2024.
             Was the Champion of Nemelex Xobeh.
             Escaped with the Orb
             ... and 3 runes on Jan 21, 2024!
             The game lasted 05:10:07 (57573 turns).

Jase the Impregnable (Minotaur Fighter)            Turns: 57573, Time: 05:10:08

Health: 227/229    AC: 44    Str: 27    XL:     23   Next: 73%
Magic:  38/38      EV: 13    Int:  4    God:    Nemelex Xobeh [******]
Gold:   4817       SH:  0    Dex: 24    Spells: 22/22 levels left

rFire   + . .        a - +9 glaive (flame)
rCold   + + +        (shield currently unavailable)
rNeg    + . .        c - +4 gold dragon scales
rPois   +            I - +2 hat of Qazlal's Benevolence {Dex+3 Stlth+}
rElec   +            t - +2 ratskin cloak {*Rats rPois rN+ Str-1 Int-1 Dex+1}
rCorr   .            J - +2 pair of gloves
SInv    +            m - +2 pair of boots {Fly}
Will    ++...        W - amulet of regeneration Stlth
                     i - ring "Oplet" {^Drain rElec rC+++ Dex+6 SInv}
HPRegen 1.38/turn    Y - ring of willpower
MPRegen 0.26/turn

%: no passive effects
@: flying
A: horns 2, retaliatory headbutt
0: Orb of Zot
}: 3/15 runes: barnacled, silver, gossamer
a: Renounce Religion, Draw Escape, Draw Destruction, Draw Summoning, Draw Stack,
Triple Draw, Deal Four, Stack Five


You escaped.
You worshipped Nemelex Xobeh.
Nemelex Xobeh was exalted by your worship.
You visited 8 branches of the dungeon, and saw 44 of its levels.
You also visited: Bailey and Volcano.

You collected 5962 gold pieces.
You spent 1145 gold pieces at shops.

Inventory:

Hand Weapons
 a - a +9 glaive of flaming (weapon)
Missiles
 e - 6 boomerangs (quivered)
 z - a throwing net
 A - 28 javelins
 C - 7 curare-tipped darts
 P - 4 silver javelins
Armour
 c - +4 gold dragon scales (worn)
 m - a +2 pair of boots of flying (worn)
 t - the +2 ratskin cloak (worn) {*Rats rPois rN+ Str-1 Int-1 Dex+1}
   (You found it on level 12 of the Dungeon)

   *Rats:     When the wearer is hurt, rats may emerge from it to assist them.
   Str-1:     It affects your strength (-1).
   Int-1:     It affects your intelligence (-1).
   Dex+1:     It affects your dexterity (+1).
   rPois:     It protects you from poison rN+: It protects you from negative
   energy.
 I - the +2 hat of Qazlal's Benevolence (worn) {Dex+3 Stlth+}
   (You found it on level 4 of the Spider Nest)

   Dex+3:     It affects your dexterity (+3).
   Stlth+:    It makes you more stealthy.
 J - a +2 pair of gloves (worn)
Jewellery
 d - a ring of protection from cold
 f - a ring of protection from fire
 i - the ring "Oplet" (left hand) {^Drain rElec rC+++ Dex+6 SInv}
   (You acquired it on level 9 of the Dungeon)

   [ring of dexterity]

   Dex+6:     It affects your dexterity (+6).
   rC+++:     It renders you almost immune to cold.
   rElec:     It insulates you from electricity.
   SInv:      It lets you see invisible.
   ^Drain:    It drains your maximum health when unequipped.
 x - an amulet of reflection
 L - a ring of poison resistance
 N - a ring of resist corrosion
 W - an amulet of regeneration (around neck)
 Y - a ring of willpower (right hand)
Wands
 q - a wand of charming (25)
 w - a wand of roots (22)
 G - a wand of polymorph (32)
 K - a wand of light (15)
 U - a wand of digging (6)
 V - a wand of flame (109)
Scrolls
 k - a scroll of enchant weapon
 n - 5 scrolls of brand weapon
 o - 6 scrolls of blinking
 F - a scroll of revelation
 M - 2 scrolls of poison
 R - 2 scrolls of butterflies
 T - 15 scrolls of teleportation
Potions
 g - 11 potions of magic
 h - 6 potions of enlightenment
 j - 9 potions of ambrosia
 l - 7 potions of resistance
 p - 9 potions of mutation
 r - 9 potions of attraction
 u - 2 potions of brilliance
 v - 10 potions of invisibility
 y - 3 potions of heal wounds
 D - 17 potions of curing
 O - 7 potions of might
 Q - 2 potions of haste
 X - 2 potions of berserk rage
 Z - 3 potions of cancellation
Miscellaneous
 b - a condenser vane
 E - a phantom mirror
 H - a phial of floods


   Skills:
 + Level 24.0 Fighting
 - Level 5.1 Maces & Flails
 - Level 20.0 Polearms
 - Level 7.0 Throwing
 + Level 25.6 Armour
 - Level 8.0 Dodging
 - Level 3.6 Shields
 + Level 25.0 Invocations
 - Level 10.0 Evocations


You had 22 spell levels left.
You didn't know any spells.
Your spell library contained the following spells:

 Spells                   Type           Power      Damage    Failure   Level
 Freeze                   Ice            0%         1d3       99%         1
 Kiss of Death            Conj/Necr      0%         2d5       99%         1
 Magic Dart               Conj           0%         1d3       99%         1
 Necrotise                Necr           0%         1d4       99%         1
 Sandblast                Erth           0%         2d4       99%         1
 Shock                    Conj/Air       0%         1d3       99%         1
 Sting                    Conj/Alch      0%         1d3       99%         1
 Cigotuvi's Dreadful Rot  Necr/Alch/Air  0%         N/A       99%         2
 Ensorcelled Hibernation  Hex/Ice        0%         N/A       99%         2
 Lesser Beckoning         Tloc           0%         N/A       99%         2
 Mercury Vapours          Alch/Air       0%         N/A       99%         2
 Scorch                   Fire           0%         2d5       99%         2
 Searing Ray              Conj           0%         2d4       99%         2
 Static Discharge         Conj/Air       0%         3-3/arc   99%         2
 Sublimation of Blood     Necr           0%         N/A       99%         2
 Call Canine Familiar     Summ           0%         N/A       100%        3
 Confusing Touch          Hex            0%         N/A       100%        3
 Dazzling Flash           Conj/Hex       0%         N/A       100%        3
 Frozen Ramparts          Ice            0%         1d1       100%        3
 Fugue of the Fallen      Necr           0%         N/A       100%        3
 Gell's Gravitas          Tloc           0%         N/A       100%        3
 Hailstorm                Conj/Ice       0%         3d5       100%        3
 Inner Flame              Hex/Fire       0%         N/A       100%        3
 Ozocubu's Armour         Ice            0%         N/A       100%        3
 Passwall                 Erth           0%         N/A       100%        3
 Sigil of Binding         Hex            0%         N/A       100%        3
 Stone Arrow              Conj/Erth      0%         3d7       100%        3
 Swiftness                Air            0%         N/A       100%        3
 Teleport Other           Tloc           0%         N/A       100%        3
 Volatile Blastmotes      Fire/Tloc      0%         2d10      100%        3
 Airstrike                Air            0%         2d(0-16)  100%        4
 Anguish                  Hex/Necr       0%         N/A       100%        4
 Animate Armour           Summ/Erth      0%         N/A       100%        4
 Animate Dead             Necr           0%         N/A       100%        4
 Brom's Barrelling Bould  Conj/Erth      0%         2d3       100%        4
 Dimensional Bullseye     Hex/Tloc       0%         N/A       100%        4
 Dispel Undead            Necr           0%         3d6       100%        4
 Flame Wave               Conj/Fire      0%         2d4       100%        4
 Fulminant Prism          Conj/Alch      0%         3d5       100%        4
 Ignite Poison            Fire/Alch      0%         N/A       100%        4
 Iskenderun's Mystic Bla  Conj/Tloc      0%         2d3       100%        4
 Leda's Liquefaction      Alch/Erth      0%         N/A       100%        4
 Martyr's Knell           Necr/Summ      0%         N/A       100%        4
 Olgreb's Toxic Radiance  Alch           0%         N/A       100%        4
 Passage of Golubria      Tloc           0%         N/A       100%        4
 Petrify                  Alch/Erth      0%         N/A       100%        4
 Sticky Flame             Fire/Alch      0%         2d4       100%        4
 Summon Lightning Spire   Summ/Air       0%         N/A       100%        4
 Borgnjor's Vile Clutch   Necr/Erth      0%         N/A       100%        5
 Freezing Cloud           Conj/Ice/Air   0%         6-21      100%        5
 Irradiate                Conj/Alch      0%         3d11      100%        5
 Iskenderun's Battlesphe  Conj           0%         2d6       100%        5
 Lee's Rapid Deconstruct  Erth           0%         3d4*      100%        5
 Metabolic Englaciation   Hex/Ice        0%         N/A       100%        5
 Silence                  Hex/Air        0%         N/A       100%        5
 Summon Forest            Summ/Tloc      0%         N/A       100%        5
 Bombard                  Conj/Erth      0%         9d1       100%        6
 Death Channel            Necr           0%         N/A       100%        6
 Eringya's Noxious Bog    Alch           0%         4d6       100%        6
 Starburst                Conj/Fire      0%         6d3       100%        6
 Summon Cactus Giant      Summ           0%         N/A       100%        6
 Haunt                    Necr/Summ      0%         N/A       100%        7
 Spellforged Servitor     Conj/Summ      0%         N/A       100%        7
 Summon Hydra             Summ           0%         N/A       100%        7
 Ignition                 Fire           0%         3d3       100%        8
 Lehudib's Crystal Spear  Conj/Erth      0%         10d2      100%        8
 Maxwell's Capacitive Co  Air            0%         ∞         100%        8


Dungeon Overview and Level Annotations

Branches:
Dungeon (15/15)            Temple (0/1) D:5            Lair (5/5) D:11
 Shoals (4/4) Lair:3       Spider (4/4) Lair:3        Slime (0/5) Lair:5
    Orc (2/2) D:9             Elf (0/3) Orc:2        Vaults (5/5) D:13
  Crypt (0/3) Vaults:3     Depths (4/4) D:15            Zot (5/5) Depths:4
 Bailey (visited)         Volcano (visited)

Altars:
Ashenzari
Cheibriados
Dithmenos
Fedhas
Gozag
Hepliaklqana
Kikubaaqudgha
Makhleb
Nemelex Xobeh
Qazlal
Ru
Uskayaw
Wu Jian
Yredelemnul
Jiyva

Shops:
D:6 [   D:7 [   D:14 *   D:15 *   Orc:2 [[*!=(![   Vaults:1 *   Vaults:2 =
Vaults:3 :   Vaults:5 (:   Depths:3 *

Portals:
Hell: Depths:1 Depths:2 Depths:3 Depths:4
Abyss: Depths:1 Depths:2 Depths:3
Pandemonium: Depths:2
Ziggurat: Depths:2
Trove: D:12 (give 14 potions of heal wounds)

Annotations:
D:11 3 runed translucent doors, Flakmanz's ghost, journeyman MiAr
Lair:4 8 exclusions
Shoals:4 Ilsuiw
Depths:2 exclusion: downstairs
Zot:2 exclusions: upstairs and 3 more exclusions
Zot:3 2 exclusions
Zot:4 1 exclusion
Zot:5 exclusion: upstairs


Innate Abilities, Weirdness & Mutations

You have a pair of horns on your head.
You reflexively headbutt those who attack you in melee.


Message History

Your butterfly dies!
Your butterfly disappears in a burst of colours!
The orb of electricity engulfs your butterfly!!!!
Your butterfly dies!
Your butterfly disappears in a burst of colours!
The orb of electricity engulfs you! You resist. Entoskie gores your butterfly!!
Your butterfly dies!
Your butterfly disappears in a burst of colours!
A sun demon comes into view.
You swap places.
You feel your willpower return.
You swap places.
You swap places.
Entoskie gestures at you.
Your butterfly falls asleep!
The sun demon closely misses your butterfly.
Entoskie gestures at you. The bolt of devastation misses you.
The sun demon misses your butterfly. Something hits your butterfly!!
Your butterfly dies!
Your butterfly disappears in a burst of colours!
There is a stone staircase leading up here.
You fly upwards.
There is a stone staircase leading down here.
Aiming: Dig
Press: ? - help, Shift-Dir - straight line A rock wall.
This square is covered in magical glow.
The rock shatters into small pieces.
There is a stone staircase leading up here.
You fly upwards.
There is a stone staircase leading down here.
Aiming: Dig
Press: ? - help, Shift-Dir - straight line This square is covered in magical glow.
The rock shatters into small pieces.
There is a staircase leading out of the dungeon here.
You have escaped!

###.........[............####.
##....#.####.####.####.##...##.
#..###...##...##...##...###..#.
#.## #.⌠.##.⌠.##.⌠.##.⌠.# ##.#.
#.####...##...##...##...####.#.
#...###.####.####.####.###...#.
#.⌠.###.####.####.####.###.⌠.#.
#............................#.
##.##.........@..........##.##.
#............................#.
#.⌠.###.####.####.####.###.⌠.#.
#...###.####.####.####.###...#.
#.####...##...##...##...####.#)
#.## #.⌠.##.⌠.##.⌠.##.⌠.# ##...
#..###...##...##...##...###..#.
##...##.####.####.####.##...##.
###....†.................#####


There were no monsters in sight!

Vanquished Creatures
  5 dread liches
  2 orbs of fire (Zot:5)
  An ancient lich (Zot:5)
  A caustic shrike (Depths:2)
  A Killer Klown (Zot:5)
  11 golden dragons
  Norris (Vaults:1)
  A bone dragon (Depths:4)
  An electric golem (Zot:4)
  7 tentacled monstrosities
  A walking crystal tome (Depths:4)
  A Hell Sentinel (D:11)
  22 Orb Guardians
  3 liches
  8 titans
  2 death cobs
  3 quicksilver dragons
  4 sphinxes
  Frances (Spider:2)
  An Executioner (D:3)
  6 storm dragons
  5 shadow dragons
  4 tengu reavers
  A protean progenitor (Zot:2)
  4 draconian knights
  9 iron dragons
  Donald (Spider:4)
  An azure jelly (Zot:5)
  2 draconian monks (Zot:2)
  2 deep elf sorcerers (Vaults:5)
  10 frost giants
  7 fire giants
  2 emperor scorpions
  A draconian shifter (Zot:2)
  18 vault wardens
  2 draconian scorchers
  3 ghost moths
  12 ironbound preservers
  An orc warlord (Vaults:2)
  6 draconian stormcallers
  4 draconian annihilators
  18 very ugly things
  12 ironbound thunderhulks
  2 formless jellyfish
  18 stone giants
  3 vampire knights
  4 spriggan defenders
  10 dire elephants
  5 green draconians
  Nessos (D:15)
  3 white draconians
  3 black draconians
  A deep elf death mage (Vaults:5)
  2 deep elf annihilators (Vaults:5)
  A minotaur (Zot:5)
  6 red draconians
  3 yellow draconians
  4 purple draconians
  2 war gargoyles
  9 fire dragons
  13 ettins
  5 merfolk impalers
  9 entropy weavers
  Josephine (D:11)
  A deep elf high priest (Vaults:5)
  9 yaktaur captains
  5 merfolk javelineers
  2 rakshasas
  3 great orbs of eyes
  38 vault guards
  5 spriggan air magi
  5 ice dragons
  A salamander tyrant (Depths:1)
  Harold (Lair:1)
  9 hydras
  15 boulder beetles
  An alligator (Zot:2)
  A hell beast (Depths:1)
  12 ironbound frosthearts
  A peacekeeper (Vaults:2)
  A merfolk avatar (Lair:5)
  A death knight (D:15)
  2 death yaks (Lair:3)
  5 two-headed ogres
  An anaconda (Depths:3)
  14 centaur warriors
  11 merfolk aquamancers
  3 satyrs
  7 radroaches
  2 vampire magi
  A dancing weapon (Vaults:5)
  4 tengu warriors
  An alligator snapping turtle (Shoals:2)
  7 deep troll shamans
  11 deep troll earth magi
  An occultist (Depths:1)
  2 hell knights
  Urug (D:13)
  2 shock serpents (Zot:2)
  5 spriggan berserkers
  12 demonic crawlers
  A skyshark (shapeshifter) (Vaults:5)
  6 skeletal warriors
  A spectral spark wasp (Depths:1)
  9 iron trolls
  7 skysharks
  8 pharaoh ants
  A shining eye (shapeshifter) (Vaults:5)
  Lodul (D:12)
  A sea snake (shapeshifter) (Depths:2)
  A goliath frog (Spider:1)
  An orb spider (shapeshifter) (Vaults:5)
  28 deep trolls
  A quicksilver dragon simulacrum (Depths:1)
  18 sea snakes
  3 glowing orange brains
  6 arcanists
  An obsidian statue (Zot:5)
  9 orb spiders
  4 lindwurms
  8 sun moths
  4 phantasmal warriors
  9 harpies
  13 ironbound convokers
  3 orc knights
  16 wolf spiders
  3 necromancers
  14 steelbarb worms
  4 deep elf pyromancers
  24 ugly things
  15 fauns
  4 cyclopes
  An oklob plant (Lair:5)
  An orc sorcerer (Orc:2)
  17 manticores
  16 moths of wrath
  A meliai (shapeshifter) (D:15)
  14 meliai
  A moth of wrath (shapeshifter) (Vaults:5)
  5 kobold blastminers (Orc:2)
  7 merfolk sirens
  12 elephants
  2 black mambas
  4 rust devils (Depths:1)
  7 water nymphs
  18 vault sentinels
  4 unseen horrors
  An eye of devastation (shapeshifter) (Depths:4)
  5 torpor snails
  2 cane toads (shapeshifter)
  3 smoke demons (Volcano)
  17 cane toads
  3 gargoyles
  3 kobold demonologists
  2 efreet
  5 freezing wraiths
  4 rime drakes
  2 spark wasp simulacra (Depths:2)
  11 komodo dragons
  19 yaktaurs
  2 tengu conjurers (Depths:2)
  9 trolls
  3 polar bears
  A tyrant leech (Orc:1)
  A polar bear (shapeshifter) (D:14)
  A tarantella (shapeshifter) (Vaults:5)
  17 merfolk
  16 wind drakes
  8 hornets
  13 blink frogs
  25 tarantellas
  7 snapping turtles
  4 glass eyes
  A spriggan zombie (Depths:2)
  6 dream sheep
  24 jumping spiders
  A glass eye (shapeshifter) (Vaults:5)
  33 slime creatures
  3 shadows
  7 wyverns
  10 culicivoras
  15 water elementals
  8 spriggans
  8 wraiths
  53 yaks
  A fire elemental (Depths:1)
  4 wargs
  6 basilisks
  17 humans
  9 vampire mosquitoes
  4 steam dragons
  28 redbacks
  2 acid dragons
  A swamp worm (shapeshifter) (Vaults:5)
  A naga (Orc:1)
  10 water moccasins
  4 hell hounds (Volcano)
  29 orc warriors
  3 sky beasts
  2 black bears (D:5)
  A laughing skull (Vaults:3)
  A crocodile (Orc:1)
  An ice beast (D:8)
  A boggart (D:8)
  9 ogres
  16 wolves
  3 phantoms
  19 centaurs
  2 kobold brigands
  19 bullfrogs
  2 brain worms
  3 scorpions
  4 wights (D:9)
  The ghost of Jase the Cudgeller, a weakling OnGl of Gozag (D:3)
  10 killer bees
  8 electric eels
  5 howler monkeys
  3 bombardier beetles
  2 jellies
  8 orc priests
  A gnoll bouda (D:7)
  8 hounds
  5 iguanas
  13 orc wizards
  6 hell rats (Lair:5)
  A centaur simulacrum (D:8)
  14 gnolls
  5 adders
  4 white imps
  8 ufetubi
  A dart slug (Orc:2)
  3 ribbon worms
  53 orcs
  3 bats
  10 endoplasms
  6 giant cockroaches
  12 goblins
  12 hobgoblins
  8 jackals
  6 quokkas
  11 ball pythons
  5 frilled lizards
  14 kobolds
  4 rats
  An aspiring flesh (Zot:2)
1656 creatures vanquished.

Vanquished Creatures (collateral kills)
  An electric golem (Zot:5)
  Agnes (Spider:1)
  Louise (D:15)
  A draconian annihilator (Zot:2)
  A merfolk impaler (Shoals:4)
  A vault guard (Vaults:5)
  A merfolk avatar (Shoals:3)
  A radroach (Spider:2)
  Erolcha (D:12)
  A two-headed ogre (D:10)
  A demonic crawler (Spider:3)
  An orb spider (Spider:2)
  A deep troll (Vaults:1)
  2 wolf spiders (Spider:4)
  A kobold blastminer (Orc:2)
  A gargoyle (D:10)
  2 torpor snails (Spider:4)
  2 tarantellas (Spider:4)
  3 blink frogs (Lair:3)
  A raiju (Spider:4)
  A snapping turtle (Shoals:4)
  2 slime creatures
  An orc priest (Orc:2)
  An orc (Orc:2)
  A bat (Orc:2)
31 creatures vanquished.

Vanquished Creatures (others)
  A very ugly thing (Vaults:5)
  An ice dragon (Depths:2)
  A deep troll shaman (Depths:2)
  A blink frog (Lair:5)
  An orc (Orc:2)
5 creatures vanquished.

Grand Total: 1692 creatures vanquished

Notes
Turn   | Place    | Note
-------+----------+-------------------------------------------
     0 | D:1      | Jase the Minotaur Fighter began the quest for the Orb.
     0 | D:1      | Reached XP level 1. HP: 19/19 MP: 0/0
    88 | D:1      | Reached XP level 2. HP: 17/27 MP: 1/1
   481 | D:1      | Reached XP level 3. HP: 33/33 MP: 2/2
  1202 | D:2      | Reached XP level 4. HP: 37/40 MP: 3/3
  1543 | D:3      | Reached skill level 5 in Armour
  1550 | D:3      | Found a sparkling altar of Nemelex Xobeh.
  1578 | D:3      | Became a worshipper of Nemelex Xobeh the Trickster
  1665 | D:3      | Got the Atlas of Windy Shades
  1666 | D:3      | Identified the +9 spear of Linearity {pain, rElec rF+ Str+4
                  | Int+4}
  1680 | D:3      | Found a sacrificial altar of Ru.
  1746 | D:3      | Found a burning altar of Makhleb.
  1934 | D:3      | Found a runed translucent gate.
  1936 | D:3      | Found a runed translucent gate.
  1939 | D:3      | Found a runed translucent gate.
  1940 | D:3      | Noticed Jase's ghost (weakling OnGl)
  2068 | D:3      | Found a stormy altar of Qazlal.
  2172 | D:3      | Found a faded altar of an unknown god.
  2267 | D:4      | Reached skill level 1 in Invocations
  2369 | D:4      | Reached XP level 5. HP: 46/46 MP: 3/5
  2479 | D:4      | Reached * piety under Nemelex Xobeh
  2600 | D:4      | Received a gift from Nemelex Xobeh
  2625 | D:4      | Reached skill level 5 in Maces & Flails
  2640 | D:4      | Reached XP level 6. HP: 52/52 MP: 6/6
  2716 | D:4      | Reached skill level 1 in Polearms
  2963 | D:5      | Entered Level 5 of the Dungeon
  2986 | D:5      | Reached XP level 7. HP: 51/58 MP: 8/8
  3109 | D:5      | Found a staircase to the Ecumenical Temple.
  3166 | D:5      | Found an ornate altar of the Wu Jian Council.
  3403 | D:5      | Reached ** piety under Nemelex Xobeh
  3474 | D:5      | Reached XP level 8. HP: 65/66 MP: 10/10
  3531 | D:6      | Found Egirchyu's Antique Armour Shop.
  3537 | D:6      | Reached skill level 5 in Polearms
  3574 | D:6      | Found a basalt altar of Yredelemnul.
  3575 | D:6      | Found an opulent altar of Gozag.
  3586 | D:6      | Found a snail-covered altar of Cheibriados.
  3703 | D:6      | Reached skill level 5 in Invocations
  3799 | D:6      | Received a gift from Nemelex Xobeh
  4400 | D:7      | Found Jaunufri's Armour Emporium.
  4414 | D:7      | Reached *** piety under Nemelex Xobeh
  5119 | D:7      | Reached XP level 9. HP: 67/71 MP: 12/12
  5414 | D:8      | Received a gift from Nemelex Xobeh
  5567 | D:8      | Noticed a polar bear
  5567 | D:8      | Noticed a polar bear
  5576 | D:8      | a polar bear changed into a boggart
  5576 | D:8      | a polar bear changed into a hound
  5931 | D:8      | Reached skill level 10 in Armour
  6017 | D:8      | You fall into a shaft and drop 1 floor!
  6027 | D:9      | Identified 2 scrolls of acquirement
  6027 | D:9      | Acquired the ring "Oplet" {^Drain rElec rC+++ Dex+6 SInv}
  6030 | D:9      | Acquired a +2 pair of boots of flying
  6048 | D:9      | Noticed a kobold demonologist
  6059 | D:9      | Killed a kobold demonologist
  6120 | D:9      | Found a flagged portal.
  6146 | Bailey   | Entered a bailey
  6146 | Bailey   | Reached **** piety under Nemelex Xobeh
  6739 | D:9      | Found a staircase to the Orcish Mines.
  6768 | D:9      | Reached XP level 10. HP: 73/75 MP: 14/14
  7167 | D:9      | Found a blossoming altar of Fedhas.
  7413 | D:9      | Received a gift from Nemelex Xobeh
  7462 | D:10     | Entered Level 10 of the Dungeon
  7638 | D:10     | Reached skill level 10 in Polearms
  7858 | D:10     | Received a gift from Nemelex Xobeh
  7865 | D:10     | Found a shadowy altar of Dithmenos.
  7993 | D:10     | Reached ***** piety under Nemelex Xobeh
  8023 | D:10     | Received a gift from Nemelex Xobeh
  8091 | D:10     | Noticed a two-headed ogre
  8098 | D:10     | Killed a two-headed ogre
  8104 | D:10     | Noticed a centaur warrior
  8110 | D:10     | Noticed a gargoyle
  8111 | D:10     | Killed a centaur warrior
  8112 | D:10     | Reached XP level 11. HP: 33/83 MP: 17/17
  8121 | D:10     | Noticed a two-headed ogre
  8126 | D:10     | Killed a two-headed ogre
  8425 | D:10     | Noticed a two-headed ogre
  8435 | D:10     | Killed a two-headed ogre
  8436 | D:10     | Reached skill level 10 in Invocations
  8922 | D:11     | Found a runed translucent gate.
  8923 | D:11     | Found a runed translucent gate.
  8924 | D:11     | Found a runed translucent gate.
  8925 | D:11     | Noticed Flakmanz's ghost (journeyman MiAr)
  8925 | D:11     | Noticed a great orb of eyes
  9186 | D:11     | Noticed Josephine
  9193 | D:11     | Killed Josephine
  9194 | D:11     | Reached skill level 5 in Fighting
  9540 | D:11     | Found a staircase to the Lair.
  9906 | D:11     | Received a gift from Nemelex Xobeh
 10145 | D:11     | Found a viscous altar of Jiyva.
 10399 | D:3      | Killed Jase's ghost
 10705 | Lair:1   | Entered Level 1 of the Lair of Beasts
 10708 | Lair:1   | Noticed Harold
 10718 | Lair:1   | Killed Harold
 10719 | Lair:1   | Reached XP level 12. HP: 87/97 MP: 19/19
 11460 | Lair:1   | Received a gift from Nemelex Xobeh
 11610 | Lair:1   | Identified the +9 rapier "Newtbane" {speed, Int+2 SInv}
 12137 | Lair:2   | Noticed a four-headed hydra
 12155 | Lair:2   | Killed a four-headed hydra
 12211 | Lair:2   | Noticed a seven-headed hydra
 12220 | Lair:2   | Killed a seven-headed hydra
 12229 | Lair:2   | Noticed a four-headed hydra
 12247 | Lair:2   | Killed a four-headed hydra
 12467 | Lair:2   | Received a gift from Nemelex Xobeh
 12980 | Lair:2   | You are sucked into a shaft and drop 1 floor!
 13182 | Lair:3   | Received a gift from Nemelex Xobeh
 13199 | Lair:3   | Noticed a death yak
 13199 | Lair:3   | Noticed a death yak
 13231 | Lair:3   | Killed a death yak
 13427 | Lair:3   | Noticed a death yak
 13429 | Lair:3   | Noticed a death yak
 13432 | Lair:3   | Noticed a death yak
 13434 | Lair:3   | a death yak changed into a slime creature
 13434 | Lair:3   | a death yak changed into a snapping turtle
 13434 | Lair:3   | a death yak changed into a wolf spider
 13434 | Lair:3   | a death yak changed into a water nymph
 13434 | Lair:3   | Noticed a death yak
 13454 | Lair:3   | Killed a death yak
 13606 | Lair:3   | Reached skill level 10 in Fighting
 13704 | Lair:3   | Found a hole to the Spider Nest.
 13720 | Lair:3   | Reached XP level 13. HP: 99/113 MP: 21/21
 13992 | Lair:3   | Reached ****** piety under Nemelex Xobeh
 14049 | Lair:3   | Found a burning altar of Makhleb.
 14162 | Lair:3   | Received a gift from Nemelex Xobeh
 14674 | Lair:4   | Reached skill level 15 in Polearms
 14767 | Lair:4   | Received a gift from Nemelex Xobeh
 14862 | Lair:4   | Received a gift from Nemelex Xobeh
 14913 | Lair:4   | Found a dark tunnel.
 14918 | Volcano  | Entered a volcano
 15415 | Volcano  | Received a gift from Nemelex Xobeh
 15416 | Volcano  | Noticed a fire dragon
 15422 | Volcano  | a fire dragon changed into a glass eye
 15688 | Lair:4   | Identified the +2 robe "Qics" {Dex+3}
 15944 | Lair:4   | Received a gift from Nemelex Xobeh
 16405 | Orc:1    | Entered Level 1 of the Orcish Mines
 16512 | Orc:1    | Noticed an orc warlord
 16521 | Orc:1    | an orc warlord changed into a tyrant leech
 16585 | Orc:1    | Received a gift from Nemelex Xobeh
 16788 | Orc:1    | Received a gift from Nemelex Xobeh
 17347 | D:12     | Found a portal to a secret trove of treasure.
 17377 | D:12     | Found the +2 ratskin cloak {*Rats rPois rN+ Str-1 Int-1
                  | Dex+1}
 17409 | D:12     | Noticed Lodul
 17410 | D:12     | Killed Lodul
 17482 | D:12     | Noticed Erolcha
 17495 | D:12     | Killed Erolcha
 17510 | D:12     | Reached XP level 14. HP: 103/127 MP: 23/23
 17592 | D:12     | Found a hide-covered altar of Uskayaw.
 17595 | D:12     | Identified the +0 pair of boots of Zarghinec {^Drain Regen+
                  | Int+4}
 17918 | Orc:2    | Entered Level 2 of the Orcish Mines
 17919 | Orc:2    | Found Gish's Armour Boutique.
 17998 | Orc:2    | Received a gift from Nemelex Xobeh
 18704 | Orc:2    | Found Ruajeip's Jewellery Shoppe.
 18704 | Orc:2    | Found Fetz's Distillery.
 18704 | Orc:2    | Found Jodeq's General Store.
 18706 | Orc:2    | Found Molefug's Antique Weapon Emporium.
 18714 | Orc:2    | Found a staircase to the Elven Halls.
 18782 | Orc:2    | Bought a scroll of identify for 28 gold pieces
 18975 | Orc:2    | Received a gift from Nemelex Xobeh
 19069 | Orc:2    | Found Foptax's Distillery.
 19069 | Orc:2    | Found Seivemiu's Antique Armour Emporium.
 19072 | Orc:2    | Bought a potion of curing for 39 gold pieces
 19072 | Orc:2    | Bought a potion of curing for 39 gold pieces
 19164 | Orc:2    | Found Vagogon's Armour Emporium.
 19532 | Lair:5   | Entered Level 5 of the Lair of Beasts
 19622 | Lair:5   | Found a staircase to the Slime Pits.
 19622 | Lair:5   | Found a viscous altar of Jiyva.
 20011 | Lair:5   | Received a gift from Nemelex Xobeh
 20547 | Lair:5   | Received a gift from Nemelex Xobeh
 20604 | Lair:5   | Reached skill level 15 in Invocations
 21248 | Lair:5   | Reached XP level 15. HP: 119/135 MP: 25/25
 21512 | Spider:1 | Entered Level 1 of the Spider Nest
 21578 | Spider:1 | Identified the +1 buckler "Bomefrixt" {rF+ rC+++ Str-4
                  | Int+3}
 21706 | Spider:1 | Reached skill level 15 in Armour
 21933 | Spider:1 | Received a gift from Nemelex Xobeh
 22260 | Spider:1 | Identified the +9 long sword "Beast's Doom" {flame, rPois}
 22386 | Spider:1 | Noticed Agnes
 22392 | Spider:1 | Killed Agnes
 23172 | Spider:2 | Noticed Asterion
 23184 | Spider:1 | Asterion changed into Asterion the goliath frog
 23184 | Spider:1 | Noticed Asterion
 23184 | Spider:1 | Killed Asterion the goliath frog
 23524 | Spider:2 | Noticed an emperor scorpion
 23563 | Spider:2 | Killed an emperor scorpion
 24067 | Spider:2 | Noticed Frances
 24076 | Spider:2 | Killed Frances
 24364 | Spider:2 | Upgraded the game from 0.31.0 to 0.31.0-2-g5a2aebc5c2
 25012 | Spider:3 | Reached XP level 16. HP: 147/147 MP: 27/27
 25611 | Shoals:1 | Entered Level 1 of the Shoals
 25632 | Shoals:1 | Received a gift from Nemelex Xobeh
 25817 | Shoals:1 | Reached skill level 15 in Fighting
 26143 | Shoals:1 | Received a gift from Nemelex Xobeh
 26736 | Shoals:1 | Reached skill level 1 in Throwing
 27432 | Shoals:2 | Received a gift from Nemelex Xobeh
 28527 | Shoals:3 | Received a gift from Nemelex Xobeh
 28572 | Shoals:3 | Reached skill level 1 in Evocations
 29691 | Shoals:3 | Reached skill level 5 in Throwing
 30243 | D:13     | Found a gate to the Vaults.
 30444 | D:13     | Reached XP level 17. HP: 96/158 MP: 28/28
 31462 | D:13     | Noticed Urug
 31470 | D:13     | Killed Urug
 31720 | Spider:4 | Entered Level 4 of the Spider Nest
 31720 | Spider:4 | Noticed Donald
 31723 | Spider:4 | Killed Donald
 32583 | Spider:4 | Reached skill level 5 in Evocations
 33269 | Spider:4 | Identified the +0 quarterstaff of Plunder {flame, Will+
                  | Dex+3}
 33269 | Spider:4 | Identified the +0 long sword of Dissolution {pain, rC+
                  | Str+2 Stlth+}
 33810 | Spider:4 | Received a gift from Nemelex Xobeh
 33979 | Spider:4 | Reached skill level 1 in Dodging
 34281 | Spider:4 | Got a gossamer rune of Zot
 34300 | Spider:4 | Identified the +2 hat of Qazlal's Benevolence {Dex+3
                  | Stlth+}
 34701 | Shoals:4 | Entered Level 4 of the Shoals
 35739 | Shoals:4 | Reached XP level 18. HP: 141/166 MP: 30/30
 35824 | Shoals:4 | Identified the +3 sling of Dividends {freeze, rC+}
 35859 | Shoals:4 | Received a gift from Nemelex Xobeh
 36101 | Shoals:4 | Got a barnacled rune of Zot
 36133 | Shoals:4 | Paralysed by a formless jellyfish for 1 turns
 36470 | Shoals:4 | Reached skill level 5 in Dodging
 36654 | Shoals:4 | Noticed Ilsuiw
 37198 | D:14     | Identified the +0 ring mail of Relativism {rPois Slay+2}
 37641 | D:14     | Received a gift from Nemelex Xobeh
 37801 | D:14     | Found an opulent altar of Gozag.
 37805 | D:14     | Found Gozag's Platinum Reserve.
 37861 | D:15     | Entered Level 15 of the Dungeon
 38069 | D:15     | Noticed Nessos
 38100 | D:15     | Killed Nessos
 38437 | D:15     | Noticed Louise
 38447 | D:15     | Killed Louise
 38621 | D:15     | Found Widiodghu's Changing Room.
 38630 | D:15     | Received a gift from Nemelex Xobeh
 38693 | D:15     | Found a staircase to the Depths.
 38987 | D:15     | Found the ring of the Tortoise {AC+8}
 39234 | Vaults:1 | Entered Level 1 of the Vaults
 39706 | Vaults:1 | Noticed Norris
 39716 | Vaults:1 | Killed Norris
 39765 | Vaults:1 | Found Elolyplin's Assorted Antiques.
 39786 | Vaults:1 | Bought a shiny plate armour for 702 gold pieces
 39786 | Vaults:1 | Bought a scroll of blinking for 202 gold pieces
 39786 | Vaults:1 | Bought a potion of heal wounds for 135 gold pieces
 40029 | Vaults:1 | Received a gift from Nemelex Xobeh
 40587 | Vaults:2 | Reached XP level 19. HP: 151/177 MP: 32/32
 40790 | Vaults:2 | Received a gift from Nemelex Xobeh
 41147 | Vaults:2 | Found Mabephus's Jewellery Shop.
 41658 | Vaults:2 | Identified the +11 lajatang of Beyond {freeze, *Corrode rF-
                  | rC+ Will+++}
 41699 | Vaults:2 | Received a gift from Nemelex Xobeh
 42209 | Vaults:3 | Received a gift from Nemelex Xobeh
 42294 | Vaults:3 | Found a staircase to the Crypt.
 42581 | Vaults:3 | Received a gift from Nemelex Xobeh
 42934 | Vaults:3 | You are sucked into a shaft and drop 1 floor!
 43322 | Vaults:3 | Found Lerydug's Book Boutique.
 43896 | Vaults:4 | Received a gift from Nemelex Xobeh
 44011 | Vaults:4 | HP: 1/181 [vault warden/+1 long sword of protection (26)]
 44318 | Vaults:4 | Received a gift from Nemelex Xobeh
 44591 | Vaults:4 | Reached XP level 20. HP: 191/191 MP: 33/33
 45346 | Depths:1 | Entered Level 1 of the Depths
 45500 | Depths:1 | Found a one-way gate to the infinite horrors of the Abyss.
 45789 | Depths:1 | You are sucked into a shaft and drop 1 floor!
 45824 | Depths:1 | Found an ancient bone altar of Kikubaaqudgha.
 45862 | Depths:1 | Received a gift from Nemelex Xobeh
 45964 | Depths:1 | Found a gateway to Hell.
 46475 | Depths:1 | Identified the +8 plate armour "Tuduha Ump" {rF+ Str+2}
 46591 | Depths:2 | Found a one-way gateway to a ziggurat.
 46616 | Depths:2 | Found a sacrificial altar of Ru.
 46762 | Depths:2 | Found a one-way gate leading to the halls of Pandemonium.
 46807 | Depths:2 | Received a gift from Nemelex Xobeh
 47119 | Vaults:5 | Entered Level 5 of the Vaults
 47269 | Vaults:5 | Found Xakios's Book Shoppe.
 47306 | Vaults:5 | Noticed a golden dragon
 47321 | Vaults:5 | Killed a golden dragon
 47379 | Vaults:5 | Noticed a golden dragon
 47391 | Vaults:5 | Killed a golden dragon
 47938 | Vaults:5 | Noticed a dread lich
 47948 | Vaults:5 | Killed a dread lich
 48094 | Vaults:5 | Noticed a dread lich
 48106 | Vaults:5 | Killed a dread lich
 48107 | Vaults:5 | Reached XP level 21. HP: 180/202 MP: 35/35
 48333 | Vaults:5 | Noticed a golden dragon
 48351 | Vaults:5 | Killed a golden dragon
 48711 | Vaults:5 | Identified the +0 scale mail of Eternity {Rampage ^Drain
                  | Str+5}
 48748 | Vaults:5 | Found Ygogupli's Weapon Shoppe.
 49001 | Vaults:5 | Received a gift from Nemelex Xobeh
 49015 | Vaults:5 | Noticed a golden dragon
 49029 | Vaults:5 | Killed a golden dragon
 49461 | Vaults:5 | Got a silver rune of Zot
 50034 | Depths:2 | Noticed a caustic shrike
 50041 | Depths:2 | Killed a caustic shrike
 50176 | Depths:2 | Identified the +1 leather armour "Cinkuse" {Dex+2}
 50480 | Depths:2 | Received a gift from Nemelex Xobeh
 51726 | Depths:3 | Found Tenwue Momp's Assorted Antiques.
 51992 | Depths:3 | Reached XP level 22. HP: 211/212 MP: 36/36
 51994 | Depths:3 | Received a gift from Nemelex Xobeh
 52206 | Depths:3 | Noticed a golden dragon
 52223 | Depths:3 | Killed a golden dragon
 52318 | Depths:3 | Got the Secrets of the Glacier
 52397 | Depths:3 | Found a broken altar of Ashenzari.
 52511 | Depths:4 | Entered Level 4 of the Depths
 52512 | Depths:4 | Received a gift from Nemelex Xobeh
 52975 | Depths:4 | Found a gate to the Realm of Zot.
 53721 | Depths:4 | Received a gift from Nemelex Xobeh
 54092 | Depths:4 | Found a hazy altar of Hepliaklqana.
 54260 | Depths:4 | Upgraded the game from 0.31.0-2-g5a2aebc5c2 to
                  | 0.31.0-4-g52a2dc7128
 54261 | Zot:1    | Entered Level 1 of the Realm of Zot
 54366 | Zot:2    | Noticed a golden dragon
 54373 | Zot:2    | Killed a golden dragon
 54405 | Zot:2    | Noticed a golden dragon
 54419 | Zot:2    | Killed a golden dragon
 54901 | Zot:2    | Identified the +5 dagger of Iploh {flame, *Noise rC+ rN+
                  | SInv}
 54909 | Zot:2    | Received a gift from Nemelex Xobeh
 55096 | Zot:2    | Noticed a golden dragon
 55102 | Zot:2    | Killed a golden dragon
 55115 | Zot:2    | Noticed a golden dragon
 55132 | Zot:2    | Killed a golden dragon
 55436 | Zot:2    | Reached XP level 23. HP: 132/227 MP: 38/38
 55681 | Zot:3    | You are sucked into a shaft and drop 1 floor!
 55857 | Zot:5    | Entered Level 5 of the Realm of Zot
 56029 | Zot:5    | Received a gift from Nemelex Xobeh
 56207 | Zot:5    | Noticed an ancient lich
 56218 | Zot:5    | Killed an ancient lich
 56452 | Zot:5    | Noticed an orb of fire
 56460 | Zot:5    | Identified the -1 trident "Luing" {freeze, rC- Will+ rCorr
                  | SInv}
 56465 | Zot:5    | Noticed an orb of fire
 56474 | Zot:5    | Noticed a Killer Klown
 56474 | Zot:5    | Killed an orb of fire
 56482 | Zot:5    | Killed an orb of fire
 56488 | Zot:5    | Noticed a dread lich
 56490 | Zot:5    | Identified the +3 executioner's axe "Furodgh" {freeze, rC+}
 56490 | Zot:5    | Noticed a dread lich
 56495 | Zot:5    | Killed a Killer Klown
 56495 | Zot:5    | Noticed a dread lich
 56500 | Zot:5    | Killed a dread lich
 56505 | Zot:5    | Killed a dread lich
 56509 | Zot:5    | Killed a dread lich
 56904 | Zot:5    | Reached skill level 10 in Evocations
 56973 | Zot:5    | Got the Orb of Zot
 57331 | D:10     | Noticed Qoaluxae the pandemonium lord
 57418 | D:7      | Noticed Rema Bil the pandemonium lord
 57521 | D:3      | Noticed Entoskie the pandemonium lord
 57573 | D:$      | Escaped with the Orb!

Illustrated notes

Levels and vault maps discovered:
D:1:      dpeg_arrival_chambers_temple_mockup, layout_basic
D:2:      layout_rooms, chequers_serial_rivers_marsh
D:3:      layout_loops_ring, bloody_makhleb, nemelex_xobeh_ov_fountains_minmay,
          mainiacjoe_overflow_paths, mainiacjoe_overflow_alcove_4,
          shapermc_ecumenical_altar_petra, ebering_ghost_rock_garden
D:4:      layout_basic
D:5:      layout_gridville, lemuel_round_altar, minmay_temple_entry_overgrown
D:6:      layout_rooms, minitemple, serial_shops, shop, corexii_leaking_fountain
D:7:      kennysheep_spiral_hall, layout_gridville, serial_shops,
          nicolae_shop_peninsula, ebering_ghost_rock_garden,
          hangedman_decor_push
D:8:      layout_basic, serial_ice, serial_ice_m, serial_ice_l, serial_ice_c,
          serial_ice_d
D:9:      layout_roguey, fedhas_ov_isle_minmay, david_orc_3, enter_bailey_5
D:10:     layout_long_grid, amcnicky_altar_gilded, minmay_bent
D:11:     layout_stronghold, erik_lair_island, gammafunk_ghost_ooze,
          uniq_josephine
D:12:     layout_rooms, enter_trove_5, nicolae_uskayaw_dance_hall, uniq_erolcha,
          uniq_lodul
D:13:     layout_long_grid, david_vaults_3, uniq_urug
D:14:     layout_basic, nicolae_gozag_zags_fifth_avenue, serial_corexii_hall,
          corexii_hall_statues_t, corexii_hall_statues_x, st_stairs_10
D:15:     hellmonk_depths_entry_around_the_bend, layout_basic,
          chequers_serial_rivers_micro_a, nicolae_transmutations_shop,
          minmay_guarded_unrand_tortoise, uniq_nessos, uniq_louise
Lair:1:   layout_small_grid, uniq_harold
Lair:2:   layout_gridlike
Lair:3:   layout_loops_ring, nicolae_shoals_entry_flooding,
          spider_nest_entry_rubble, basic_altar
Lair:4:   layout_regular_city, enter_volcano_4, nicolae_lair_grove_arrangements
Lair:5:   gammafunk_lair_ancient_temple, layout_cellular_growth,
          minmay_slime_entry_pillars, minmay_shattered_shrine
Shoals:1: cheibrodos_shoals_baths, layout_shoals, nicolae_shoals_aquamancer_cove
Shoals:2: layout_shoals
Shoals:3: layout_shoals, overgrown_tower
Shoals:4: shoals_end_simple, layout_shoals, shoal_ilsuiw,
          nicolae_shoals_circle_sea_wall
Spider:1: layout_spider_delve, uniq_agnes
Spider:2: layout_spider_delve, hangedman_spider_tarantella_strand,
          uniq_asterion, uniq_arachne, uniq_frances
Spider:3: layout_spider_delve, nicolae_orb_island
Spider:4: hellmonk_spider_rune_bug_friends, nicolae_spider_solar_radiation,
          uniq_donald
Orc:1:    layout_diamond_mine
Orc:2:    st_orc_rangers, layout_caves, serial_shops, nicolae_shop_dealshenge,
          shop, nicolae_shop_crystal, nicolae_shop_tiny_real_fake_doors,
          nicolae_orc_pool_cavern
Vaults:1: hangedman_vaults_snaps, hangedman_vaults_corner_blocks,
          nicolae_vaults_storage_closets_2, v_misc_14, vaults_standard_mumra_x,
          nicolae_vaults_trapezoid_1, nicolae_vaults_windows_and_doors_thing,
          nicolae_vaults_yaktaur_gun_rack, layout_vaults_ring, serial_shops,
          shop, uniq_norris
Vaults:2: v_pattern_3, grunt_vaults_trifunnel, v_misc_16, v_rooms_6,
          nicolae_vaults_house_1, nicolae_vaults_closet_pinwheel_5,
          nicolae_vaults_heist, nicolae_vaults_offset_grid_hallway_1, v_misc_9,
          vaults_room_door_ring, nicolae_vaults_trapezoid_2,
          layout_vaults_big_room, serial_shops, nicolae_shop_peninsula
Vaults:3: nicolae_vaults_storage_closets_3, ontoclasm_vaults_idyll,
          minmay_crypt_entry_simple_statues, nicolae_vaults_closet_pinwheel_3,
          hangedman_vaults_stream, v_pattern_2, nicolae_vaults_cochlea,
          vaults_room_grunt_arrival_ludios, nicolae_vaults_tetromino_T_2,
          v_misc_33, st_lines, layout_vaults_omnicross, serial_glass,
          serial_shops, nicolae_shop_back_alley_shop
Vaults:4: nicolae_vaults_tetromino_T_1, nicolae_vaults_little_squares_5,
          v_misc_29, nicolae_vaults_diamond_1, nicolae_vaults_trapezoid_layered,
          v_pattern_4, ontoclasm_vaults_loading_screen,
          nicolae_vaults_closet_pinwheel_3, nicolae_vaults_border_crossing,
          hangedman_vaults_locks, layout_vaults_omnigrid
Vaults:5
Depths:1: layout_gridville, grunt_mini_vestibule, abyss_entry,
          kiku_gazebo_pond_becter, minmay_metal_thing
Depths:2: nzn_winding_woodlands_cross [nzn_winding_woodlands_5x15_sidewinder,
          nzn_winding_woodlands_5x15_pockets, nzn_winding_woodlands_5x15_pool,
          nzn_winding_woodlands_5x15_concentric,
          nzn_winding_woodlands_15x15_five_gardens], layout_honeycomb,
          enter_ziggurat_b, abyss_entry_small_statue_room,
          grunt_hell_entry_dis_old, pan_entry, nicolae_ru_awakened_eye,
          firewood_loft
Depths:3: minmay_expanding_squares, layout_cave_pools, abyss_entry_crystal,
          hell_entry, nicolae_ashenzari_skybound, serial_shops,
          nicolae_shop_just_a_little_nook
Depths:4: grunt_x_marks_the_spot, layout_long_grid, hell_entry,
          nzn_hepliaklqana_mist_gate
Zot:1:    layout_gridlike, uniq_parghit
Zot:2:    layout_cellular_growth
Zot:3:    layout_misc_corridors
Zot:4:    circus_mu, layout_gridlike, gammafunk_ghost_mausoleum,
          regret_index_zot_stipple_split, uniq_tiamat
Zot:5:    layout_twisted_circle, regret_index_zotdec_stipple_waver

Skill      XL: |  1  2  3  4  5  6  7  8  9 10 11 12 13 14 15 16 17 18 19 20 21 22 23 |
---------------+----------------------------------------------------------------------+-----
Armour         | 4 5 6 7 9 10 12 13 14 15 16 17 19 20 22 24 25 | 25.6
Maces & Flails | 3 4 5 |  5.1
Invocations    | 1 2 3 4 6 7 9 11 12 13 15 16 17 19 20 21 22 23 24 25 | 25.0
Polearms       | 2 4 6 9 11 12 14 16 17 19 20 | 20.0
Fighting       | 6 10 12 13 14 16 17 19 20 22 23 24 | 24.0
Throwing       | 5 7 |  7.0
Evocations     | 3 5 6 8 10 | 10.0
Dodging        | 3 8 |  8.0
Shields        | |  3.6

Action                     |  1- 3 |  4- 6 |  7- 9 | 10-12 | 13-15 | 16-18 | 19-21 | 22-24 || total
---------------------------+-------+-------+-------+-------+-------+-------+-------+-------++-------
  Melee: Flail             |   111 |    19 |       |       |       |       |       |       ||   130
         Headbutt          |    14 |    13 |    31 |   140 |   264 |   306 |   435 |   263 ||  1466
         Punch             |     1 |     1 |     1 |     8 |     1 |       |       |       ||    12
         Spear             |       |    87 |   315 |   475 |    59 |       |       |       ||   936
         Halberd           |       |       |       |    98 |   816 |       |       |       ||   914
         Glaive            |       |       |       |       |   424 |  1497 |  1586 |   887 ||  4394
  Throw: Boomerang         |       |       |       |     3 |       |     6 |     2 |       ||    11
         Dart              |       |       |       |       |    10 |    26 |       |       ||    36
 Invoke: Draw Destruction  |       |       |     1 |    14 |    37 |    31 |    23 |    20 ||   126
         Draw Summoning    |       |       |       |     2 |     4 |     3 |       |     5 ||    14
         Draw Escape       |       |       |       |     1 |       |     1 |       |       ||     2
         Deal Four         |       |       |       |       |     3 |     1 |       |     2 ||     6
         Stack Five        |       |       |       |       |     1 |       |     1 |     1 ||     3
         Draw Stack        |       |       |       |       |     2 |     3 |     2 |     6 ||    13
  Evoke: Wand              |       |       |       |     1 |     1 |    16 |       |    17 ||    35
         Phial of floods   |       |       |       |       |       |       |     1 |       ||     1
         Condenser vane    |       |       |       |       |       |       |       |     1 ||     1
    Use: Scroll            |       |       |    13 |     8 |    15 |     3 |    10 |    13 ||    62
         Potion            |       |       |       |     2 |     2 |     4 |     3 |    12 ||    23
   Stab: Distracted        |       |       |       |       |     2 |     1 |     3 |     4 ||    10
         Petrified         |       |       |       |       |       |       |       |     8 ||     8
         Petrifying        |       |       |       |       |       |       |       |     2 ||     2
 Armour: Scale mail        |    35 |       |       |       |       |       |       |       ||    35
         Chain mail        |    51 |    71 |   167 |       |       |   787 |   419 |       ||  1495
         Plate armour      |       |       |     1 |   291 |  1145 |   359 |   354 |       ||  2150
         Gold dragon scale |       |       |       |       |       |       |   248 |   885 ||  1133
  Dodge: Dodged            |    57 |    31 |    91 |   110 |   358 |   473 |   545 |   352 ||  2017
  Block: Buckler           |     7 |       |       |       |       |       |       |       ||     7
         Other             |       |       |       |       |    34 |   132 |       |       ||   166
         Reflection        |       |       |       |       |    20 |    15 |       |       ||    35
